 Dungeon Crawl Stone Soup version 0.29.1-1-gd02db6906a (webtiles) character file.

Game seed: 3067175412414692266

462 NullDivider the Sneak (level 7, -6/41 HPs)
             Began as an Octopode Venom Mage on Sept 23, 2022.
             Mangled by an ogre
             ... wielding a +0 giant spiked club
              (27 damage)
             ... on level 4 of the Dungeon.
             The game lasted 00:20:55 (4371 turns).

NullDivider the Sneak (Octopode Venom Mage)         Turns: 4371, Time: 00:20:55

Health: -6/41      AC:  1    Str: 13    XL:     7   Next: 7%
Magic:  11/12      EV: 14    Int: 25    God:
Gold:   136        SH:  0    Dex: 13    Spells: 4/12 levels left

rFire   . . .      SeeInvis .   h - +1 dagger (speed)
rCold   . . .      Faith    .   (no shield)
rNeg    . . .      Spirit   .   (helmet restricted)
rPois   +          Reflect  .   (no amulet)
rElec   .          Harm     .   e - ring "Xiomum" {Contam rPois Str+6 Int+6}
rCorr   .          Rampage  .   (no ring)
Will    .....                   (no ring)
Stlth   ++++......              (no ring)
HPRegen 0.13/turn               (no ring)
MPRegen 0.13/turn               (no ring)
                                (no ring)
                                (no ring)

@: no status effects
A: almost no armour, amphibious, 8 rings, camouflage 1, gelatinous body 1,
(nimble swimmer 1), tentacles
a: no special abilities


You were on level 4 of the Dungeon.
You visited 1 branch of the dungeon, and saw 4 of its levels.
You also visited: Sewer.

You collected 188 gold pieces.
You spent 52 gold pieces at shops.

Inventory:

Hand Weapons
 h - a +1 dagger of speed (weapon)
Jewellery
 e - the ring "Xiomum" (left tentacle) {Contam rPois Str+6 Int+6}
   (You acquired it on level 2 of the Dungeon)

   [ring of poison resistance]

   Str:       It affects your strength (+6).
   Int:       It affects your intelligence (+6).
   rPois:     It protects you from poison.
   Contam:    It causes magical contamination when unequipped.
 n - an amulet of faith
Wands
 i - a wand of roots (5)
Scrolls
 f - 3 scrolls of teleportation
 g - 2 scrolls of vulnerability
 j - a scroll of enchant weapon {unknown}
 k - a scroll of amnesia {unknown}
Potions
 a - 2 potions of magic
 b - a potion of invisibility
 c - 4 potions of ambrosia
 d - 5 potions of curing
 l - a potion of heal wounds
 m - 3 potions of flight


   Skills:
 * Level 3.6 Dodging
 * Level 5.4 Stealth
 * Level 3.4 Spellcasting
 + Level 1.7 Conjurations
 - Level 1.1 Hexes
 - Level 1.2 Transmutations
 + Level 0.4 Ice Magic
 - Level 1.0 Air Magic
 * Level 5.1 Poison Magic


You had 4 spell levels left.
You knew the following spells:

 Your Spells              Type           Power      Damage    Failure   Level
a - Sting                 Tmut/Pois      80%        1d7       2%          1
b - Poisonous Vapours     Pois/Air       38%        N/A       4%          2
c - Mephitic Cloud        Conj/Pois/Air  17%        N/A       10%         3
d - Ensorcelled Hibernat  Hex/Ice        16%        N/A       11%         2

Your spell library contained the following spells:

 Spells                   Type           Power      Damage    Failure   Level
 Passwall                 Tmut/Erth      5%         N/A       11%         2
 Olgreb's Toxic Radiance  Pois           30%        N/A       12%         4
 Swiftness                Air            9%         N/A       19%         3


Dungeon Overview and Level Annotations

Branches:
Dungeon (4/15)              Sewer (visited)
 Temple: D:4-7

Altars:
Ru
The Shining One

Shops:
D:3 *


Innate Abilities, Weirdness & Mutations

You cannot wear most types of armour.
You are amphibious.
You can wear up to eight rings at the same time.
Your skin changes colour to match your surroundings (Stealth+).
Your rubbery body absorbs attacks. (AC +1, EV +1)
((You are camouflaged when in or above water. (Stealth+)))
You have tentacles for arms and can constrict up to eight enemies at once.


Message History

Aim: an adder (asleep) Poisonous vapours surround the adder!
The adder is poisoned.
The adder hisses angrily.
The sting hits the adder.
The adder looks even sicker.
The adder is heavily wounded.
The adder closely misses you.
You miss the adder. Your grab misses the adder.
The adder is heavily wounded.
The adder barely misses you.
You hit the adder. Your grab misses the adder. You squeeze the adder.
You kill the adder!
You start resting.
Magic restored.
An ogre comes into view. It is wielding a +0 giant spiked club.
The ogre moves out of view.
There is a stone staircase leading up here.
An ogre is nearby!
Casting: Sting (safe; 2% risk of failure)
Confirm with . or Enter, or press ? or * to list all spells.
Aiming: Poisonous Vapours (safe; 4% risk of failure)
Press: ? - help, Dir - move target, f - ogre
Aim: an ogre, wielding a +0 giant spiked club (wandering, hasn't noticed you) Poisonous vapours surround the ogre!
The ogre is poisoned.
The ogre shouts!
You hear a bark!
You hear a shout!
A hound comes into view.
The ogre attacks as you move away!
The ogre hits you with a +0 giant spiked club!!
Ouch! That really hurt!
Casting: Poisonous Vapours (safe; 4% risk of failure)
Confirm with . or Enter, or press ? or * to list all spells.
Aiming: Ensorcelled Hibernation (safe; 11% risk of failure)
Press: ? - help, Shift-Dir - straight line, f/p - ogre
Aim: an ogre, wielding a +0 giant spiked club (heavily wounded, poisoned, chance to affect: 41%)
The ogre resists with some effort.
The ogre attacks as you move away! The ogre closely misses you.
The ogre looks more healthy.
The ogre attacks as you move away!
The ogre hits you with a +0 giant spiked club!!
Ouch! That really hurt!
You die...

.......# #...# .# ###.####
#...######.# #
......######..........##.#
.#..#.....................
#........................
#.##..................#.#
.#. #.##..........##...#
......##.#######O......#
.#######รท#~~~~~#@#####...
.# #.'~~.~~#....# .... .#
#.#~~~~~#.##.# ##. .#
#.#######.##.#
.#######..........#.##
.....[..###..#.......#
#.#####.###.##)......#
#.#####..............#
#.##....###.#......#.#


You could see an ogre.

Vanquished Creatures
  2 kobold brigands (Sewer)
  A necrophage (D:4)
  A scorpion (D:4)
  Ijyb (D:3)
  An iguana (D:2)
  5 adders
  A river rat (Sewer)
  A shadow imp (D:4)
  A worm (D:3)
  A dart slug (D:1)
  2 orcs (D:3)
  9 bats
  7 endoplasms
  6 giant cockroaches
  8 goblins
  5 hobgoblins
  3 quokkas
  6 ball pythons
  2 frilled lizards (D:2)
  7 kobolds
  9 rats
79 creatures vanquished.

Notes
Turn   | Place    | Note
-------+----------+-------------------------------------------
     0 | D:1      | NullDivider the Octopode Venom Mage began the quest for the
                  | Orb.
     0 | D:1      | Reached XP level 1. HP: 11/11 MP: 3/3
   201 | D:1      | Reached XP level 2. HP: 17/17 MP: 1/5
   473 | D:1      | Learned a level 2 spell: Poisonous Vapours
   970 | D:1      | Reached XP level 3. HP: 21/21 MP: 3/6
  1233 | D:1      | Learned a level 3 spell: Mephitic Cloud
  1512 | D:2      | Reached XP level 4. HP: 27/27 MP: 3/7
  2496 | D:2      | Identified a scroll of acquirement
  2497 | D:2      | Acquired the ring "Xiomum" {Contam rPois Str+6 Int+6}
  2535 | D:3      | Found a glowing golden altar of the Shining One.
  2783 | D:3      | Found Geerghokh's General Store.
  2798 | D:3      | Bought a scroll of noise for 13 gold pieces
  2798 | D:3      | Bought a potion of curing for 39 gold pieces
  2873 | D:3      | Noticed Ijyb
  2891 | D:3      | Killed Ijyb
  2892 | D:3      | Reached skill level 1 in Air Magic
  2892 | D:3      | Reached XP level 5. HP: 12/31 MP: 0/9
  2895 | D:3      | Learned a level 2 spell: Ensorcelled Hibernation
  3316 | D:3      | Found a sacrificial altar of Ru.
  3445 | D:4      | Reached skill level 1 in Conjurations
  3602 | D:4      | Reached XP level 6. HP: 31/36 MP: 7/10
  3695 | D:4      | Found a glowing drain.
  3751 | Sewer    | Entered a sewer
  4039 | Sewer    | Reached skill level 5 in Stealth
  4039 | Sewer    | Reached skill level 1 in Hexes
  4039 | Sewer    | Reached skill level 5 in Poison Magic
  4051 | Sewer    | Reached XP level 7. HP: 39/41 MP: 1/12
  4160 | Sewer    | Found a white marble altar of Elyvilon.
  4371 | D:4      | Mangled by an ogre

Illustrated notes

Levels and vault maps discovered:
D:1:      minmay_arrival_jagged, layout_basic, minmay_domino_2
D:2:      layout_rooms
D:3:      layout_rooms, tso_metal_star, mainiacjoe_overflow_alcove_2,
          serial_shops, shop, uniq_ijyb
D:4:      layout_loops_cross, nicolae_elyvilon_peaceful_grove,
          gup_sewer_entry_glass, serial_bayou_pond_e

Skill      XL: |  1  2  3  4  5  6 |
---------------+-------------------+-----
Stealth        | 3 4 5 |  5.4
Poison Magic   | 4 5 |  5.1
Air Magic      | 1 |  1.0
Dodging        | 3 |  3.6
Spellcasting   | 3 |  3.4
Conjurations   | 1 |  1.7
Hexes          | 1 |  1.1
Transmutations | |  1.2
Ice Magic      | |  0.4

Action                   |  1- 3 |  4- 6 |  7- 9 || total
-------------------------+-------+-------+-------++-------
Melee: Unarmed           |    21 |       |       ||    21
       Tentacles         |     7 |    13 |     1 ||    21
       Constrict         |     5 |    13 |       ||    18
       Dagger            |     4 |    71 |     3 ||    78
 Cast: Sting             |    35 |    67 |     5 ||   107
       Poisonous Vapours |     1 |    15 |     2 ||    18
       Ensorcelled Hiber |       |       |     1 ||     1
  Use: Scroll            |       |     6 |       ||     6
 Stab: Sleeping          |       |     2 |       ||     2
Armor: Skin              |     1 |     3 |       ||     4
Dodge: Dodged            |    19 |    38 |     4 ||    61
